 Dungeon Crawl Stone Soup version 0.25.0-1-g7eea58d (webtiles) character file.

Game seed: 9871561928073189999

121 Ayyar the Sneak (level 5, -3/35 HPs)
             Began as an Octopode Assassin on June 26, 2020.
             Slain by an orc
             ... wielding a +0 flail
              (6 damage)
             ... on level 3 of the Dungeon.
             The game lasted 00:07:52 (1966 turns).

Ayyar the Sneak (Octopode Assassin)                 Turns: 1966, Time: 00:07:53

Health: -3/35      AC:  1    Str: 12    XL:     5   Next: 5%
Magic:  5/5        EV: 13    Int: 13    God:
Gold:   116        SH:  0    Dex: 13    Spells: 4/4 levels left

rFire    . . .     SeeInvis .   a - +2 dagger
rCold    + . .     Gourm    .   (no shield)
rNeg     + . .     Faith    .   (helmet restricted)
rPois    .         Spirit   .   (no amulet)
rElec    .         Reflect  .   e - ring of protection from cold
rCorr    .         Harm     .   p - ring of positive energy
MR       .....                  (no ring)
Stlth    ++++......             (no ring)
HPRegen  0.11/turn              (no ring)
MPRegen  0.09/turn              (no ring)
                                (no ring)
                                (no ring)

@: no status effects
A: almost no armour, stealthy swim, amphibious, 8 rings, constrict 8, camouflage
1, gelatinous body 1
a: no special abilities


You were on level 3 of the Dungeon.
You were not hungry.

You visited 1 branch of the dungeon, and saw 3 of its levels.

You collected 116 gold pieces.

Inventory:

Hand Weapons
 a - a +2 dagger (weapon)
Missiles
 b - 33 poisoned darts (quivered)
 c - 2 curare-tipped darts
Jewellery
 e - a ring of protection from cold (left tentacle)
 p - a ring of positive energy (right tentacle)
Scrolls
 g - a scroll of magic mapping {unknown}
 h - 2 scrolls of teleportation {unknown}
 j - a scroll of enchant armour {unknown}
 l - 2 scrolls of identify {unknown}
 o - a scroll of remove curse {unknown}
Potions
 f - a potion of resistance {unknown}
 i - a potion of lignification {unknown}
 k - 2 potions of heal wounds
 m - 3 potions of flight
 n - a potion of cancellation
 q - a potion of might {unknown}
Comestibles
 d - 7 rations
 r - 3 chunks of flesh


   Skills:
 + Level 2.6 Fighting
 + Level 2.7 Short Blades
 + Level 2.6 Throwing
 + Level 1.8 Dodging
 * Level 6.7 Stealth


You had 4 spell levels left.
You didn't know any spells.
Your spell library was empty.

Dungeon Overview and Level Annotations

Branches:
Dungeon (3/15)

Altars:
Cheibriados
Gozag
Makhleb
Uskayaw


Innate Abilities, Weirdness & Mutations

You cannot wear most types of armour.
You are very stealthy in the water. (Stealth+)
You are amphibious.
You can wear up to eight rings at the same time.
You can use your tentacles to constrict eight enemies at once.
Your skin changes colour to match your surroundings (Stealth+).
Your rubbery body absorbs attacks. (AC +1, EV +1)


Message History

The orc wizard is severely wounded.
The orc hits you with a +0 flail. The orc barely misses you.
The orc wizard hits you with a +0 dagger.
The orc hits you from afar with a +0 trident.
You closely miss the orc wizard. You grab the orc wizard.
The orc wizard is severely wounded.
You constrict the orc wizard. The orc barely misses you.
The orc closely misses you. The orc wizard barely misses you.
You hit the orc but do no damage. Your grab misses the orc.
You constrict the orc wizard.
The orc hits you from afar with a +0 trident!
* * * LOW HITPOINT WARNING * * *
The orc closely misses you.
You barely miss the orc. You grab the orc. You constrict the orc.
You constrict the orc wizard.
You kill the orc wizard!
You have reached level 5!
You feel stronger. The orc hits you with a +0 flail.
You die...

#...##≈≈_#
#.#..###8# #.#
#.##..#### #..#
#.###...####...#
#..............####
##.###.#..##.......
# #.#..# ....#
##.#..##....##
#.....@o.....#
#..#..o)o...##
#........#.##
#.###.#### # ...
..# .... .###
###.#. #


You could see 3 orcs.

Vanquished Creatures
  An orc wizard (D:3)
  An orc priest (D:3)
  An adder (D:2)
  A worm (D:2)
  4 dart slugs
  2 leopard geckos (D:2)
  6 bats
  5 giant cockroaches
  6 goblins
  2 hobgoblins (D:1)
  5 kobolds
  A quokka (D:2)
  A frilled lizard (D:1)
  3 rats
39 creatures vanquished.

Notes
Turn   | Place    | Note
-------+----------+-------------------------------------------
     0 | D:1      | Ayyar the Octopode Assassin began the quest for the Orb.
     0 | D:1      | Reached XP level 1. HP: 14/14 MP: 1/1
   219 | D:1      | Reached XP level 2. HP: 18/19 MP: 2/2
   769 | D:1      | Reached XP level 3. HP: 19/24 MP: 3/3
   970 | D:1      | Reached skill level 6 in Stealth
  1411 | D:2      | Found a burning altar of Makhleb.
  1540 | D:2      | Reached XP level 4. HP: 30/30 MP: 4/4
  1928 | D:3      | Found a hide-covered altar of Uskayaw.
  1928 | D:3      | Found a snail-covered altar of Cheibriados.
  1928 | D:3      | Found an opulent altar of Gozag.
  1966 | D:3      | Reached XP level 5. HP: 2/35 MP: 5/5
  1966 | D:3      | Slain by an orc

Illustrated notes

Levels and vault maps discovered:
D:1:      wander_arrival_estate, layout_basic
D:2:      layout_loops_ring, marbit_many_paths, first_ration
D:3:      layout_loops_corners, gammafunk_temple_overflow_claw

Skill      XL: |  1  2  3 |
---------------+----------+-----
Stealth        | 6 |  6.7
Fighting       | |  2.6
Short Blades   | |  2.7
Throwing       | |  2.6
Dodging        | |  1.8

Action                   |  1- 3 |  4- 6 || total
-------------------------+-------+-------++-------
Melee: Dagger            |    61 |    15 ||    76
       Constrict         |    15 |     5 ||    20
       Tentacles         |    10 |     2 ||    12
Throw: Dart              |       |     1 ||     1
  Use: Potion            |       |     3 ||     3
 Stab: Sleeping          |    15 |       ||    15
  Eat: Chunk             |     2 |     1 ||     3
Armor: Skin              |    11 |       ||    11
Dodge: Dodged            |    43 |    20 ||    63
